 Dungeon Crawl Stone Soup version 0.18-a0-801-gb01a236 (webtiles) character file.

48 JokEr the Ruffian (level 3, -3/33 HPs)
             Began as a Ghoul Monk on Dec 14, 2015.
             Was an Initiate of Ru.
             Shot with an arrow of frost by a centaur (8 damage)
             ... on level 3 of the Dungeon.
             The game lasted 00:03:10 (2397 turns).

JokEr the Ruffian (Ghoul Monk)                      Turns: 2397, Time: 00:03:10

Health: -3/33      AC:  5    Str: 15    XL:     3   Next: 72%
Magic:  2/2        EV: 11    Int:  5    God:    Ru [......]
Gold:   74         SH:  0    Dex: 11    Spells: 0 memorised, 2 levels left

rFire  . . .     SeeInvis .       - Unarmed
rCold  + . .     Clarity  .     c - +0 ring mail
rNeg   + + +     SustAt   .     (no shield)
rPois  ∞         Gourm    .     (no helmet)
rElec  .         Spirit   .     (no cloak)
rCorr  .         Dismiss  .     (no gloves)
rMut   .         Stasis   .     (no boots)
MR     .....                    (no amulet)
Stlth  +.........               (no ring)
                                (no ring)

@: rotting, not resistant to hostile enchantments, very unstealthy
A: rotting body, claws 1, carnivore 3, cold resistance 1, negative energy
resistance 3, slow regeneration 1, torment resistance, unbreathing
a: Renounce Religion


You were on level 3 of the Dungeon.
You worshipped Ru.
Ru was noncommittal.
You were not hungry.

You visited 1 branch of the dungeon, and saw 3 of its levels.

You collected 74 gold pieces.

Inventory:

Armour
 a - a +0 robe
 c - a +0 ring mail (worn)
Jewellery
 k - an uncursed amulet of dismissal {unknown}
Wands
 h - a wand of fireball (3)
 n - a wand of polymorph (9)
Potions
 d - a potion of ambrosia {unknown}
 e - a potion of lignification {unknown}
 f - 3 potions of brilliance {unknown}
 j - a potion of resistance {unknown}
 m - a potion of agility {unknown}
Books
 g - a book of the Dragon

   Spells                             Type                      Level
   a - Flame Tongue                   Conjuration/Fire             1
   b - Cause Fear                     Hexes                        4
   c - Bolt of Fire                   Conjuration/Fire             6
   d - Dragon Form                    Transmutation                7
   e - Dragon's Call                  Summoning                    9
Comestibles
 b - 2 meat rations
 i - 3 beef jerkies


   Skills:
 + Level 3.9 Fighting
 + Level 3.4 Dodging
 - Level 2.1 Stealth
 + Level 4.6 Unarmed Combat


You had 2 spell levels left.
You didn't know any spells.

Dungeon Overview and Level Annotations

Branches:
Dungeon (3/15)

Altars:
Okawaru
Ru


Innate Abilities, Weirdness & Mutations

Your body is rotting away.
You thrive on raw meat.
You are immune to poison.
You have sharp fingernails.
You are carnivorous and can eat meat at any time.
Your flesh is cold resistant.
You are immune to negative energy.
You regenerate slowly when monsters are visible.
You are immune to unholy pain and torment.
You can survive without breathing.


Message History

You are too injured to fight recklessly!
The rat closely misses you.
The centaur shoots an arrow of frost.
The arrow of frost misses you.
The centaur shoots an arrow of frost.
The arrow of frost hits you but does no damage.
You see here an arrow of frost.
You scratch the rat.
The rat is moderately wounded.
The rat bites you but does no damage.
You closely miss the rat.
The rat is moderately wounded.
The rat barely misses you.
You barely miss the rat. The rat bites you.
* * * LOW HITPOINT WARNING * * *
You completely miss the rat. The rat closely misses you.
You barely miss the rat. You scratch the rat.
You kill the rat!
The centaur shoots an arrow of frost.
The arrow of frost hits you!
You die...

###............##>#.#
#.................##.#.##
#..###.###.........#$...##
#.
.......#...............###
#..##..........((.....?.#
#.# ###.........(.†......
.. ###.c..###.(.....#. .#
##.#..c.......##
#@#####.......# #.#
#.......# #.# #.......#
#.. ##......# ##.
##..>.... .. .#.##.. #.
.... .#


You could see a centaur.

Vanquished Creatures
  A giant gecko (D:2)
  6 bats
  2 giant cockroaches (D:2)
  7 goblins
  6 hobgoblins
  4 jackals (D:2)
  9 kobolds
  9 rats
44 creatures vanquished.

Notes
Turn   | Place    | Note
--------------------------------------------------------------
     0 | D:1      | JokEr the Ghoul Monk began the quest for the Orb.
     0 | D:1      | Reached XP level 1. HP: 19/19 MP: 0/0
   285 | D:1      | Reached XP level 2. HP: 24/26 MP: 1/1
   493 | D:1      | Found an iron altar of Okawaru.
  1392 | D:2      | Reached XP level 3. HP: 26/28 MP: 2/2
  1791 | D:2      | Found a sacrificial altar of Ru.
  1848 | D:2      | Became a worshipper of Ru the Awakened
  2379 | D:3      | Noticed a centaur
  2397 | D:3      | Shot with an arrow of frost by a centaur

Vault maps used:
D:1:      erik_arrival_triangle_small, okawaru_ov_weapons_minmay
D:2:      nicolae_ru_great_annihilating_truth
D:3:      old_standard_altar

Action                   || total
-------------------------++-------
Melee: Unarmed           ||   132
Invok: Reject Sacrifices ||     1
  Use: Scroll            ||     6
 Stab: Sleeping          ||     2
       Paralysed         ||     1
  Eat: Chunk             ||    12
